 Dungeon Crawl Stone Soup version 0.19.5 (webtiles) character file.

3800 Chifra the Cutter (level 9, -2/57 HPs)
             Began as a High Elf Skald on May 7, 2017.
             Was a Follower of Hepliaklqana.
             Slain by a red ugly thing (12 damage)
             ... on level 8 of the Dungeon.
             The game lasted 00:36:44 (10448 turns).

Chifra the Cutter (High Elf Skald)                 Turns: 10448, Time: 00:36:45

Health: -2/57      AC: 13    Str: 11    XL:     9   Next: 96%
Magic:  16/16      EV: 12    Int: 21    God:    Hepliaklqana [*.....]
Gold:   470        SH:  0    Dex: 17    Spells: 6 memorised, 4 levels left

rFire  . . .     SeeInvis .     E - +7 dagger of Sahaidgh {freeze, rPois rC- Int+3}
rCold  x . .     Gourm    .     m - +2 scale mail {MR+}
rNeg   . . .     Faith    .     (no shield)
rPois  +         Spirit   .     A - +0 helmet
rElec  .         Reflect  .     K - +0 cloak
rCorr  .         Harm     .     O - +0 pair of gloves
MR     +....                    D - +0 pair of boots
Stlth  +.........               (no amulet)
                                H - ring of stealth
                                o - ring of wizardry

@: repel missiles
A: reduced essence
a: Recall Ancestor, Ancestor Identity, Renounce Religion


You were on level 8 of the Dungeon.
You worshipped Hepliaklqana.
Hepliaklqana was aware of your devotion.
You were not hungry.

You visited 2 branches of the dungeon, and saw 9 of its levels.

You collected 470 gold pieces.

Inventory:

Hand Weapons
 f - the +3 mace "Mamets" {holy, rC++}
   (You found it on level 5 of the Dungeon)

   It has been blessed by the Shining One to cause great damage to the undead
   and demons.
   It greatly protects you from cold.
 E - the +7 dagger of Sahaidgh (weapon) {freeze, rPois rC- Int+3}
   (You found it on level 4 of the Dungeon)

   It has been specially enchanted to freeze those struck by it, causing extra
   injury to most foes and up to half again as much damage against particularly
   susceptible opponents.
   It can also slow down cold-blooded creatures.
   It affects your intelligence (+3).
   It makes you vulnerable to cold.
   It protects you from poison.
 P - a +4 long sword
Armour
 m - a +2 scale mail of magic resistance (worn)
 p - a +0 buckler
 t - a +2 shield of reflection
 A - a +0 helmet (worn)
 D - a +0 pair of boots (worn)
 K - a +0 cloak (worn)
 O - a +0 pair of gloves (worn)
Jewellery
 o - a ring of wizardry (left hand)
 s - an uncursed ring of poison resistance
 w - an uncursed ring of loudness
 H - a ring of stealth (right hand)
Wands
 b - a wand of paralysis (12/24)
 B - a wand of iceblast (14/15)
Scrolls
 i - a scroll of teleportation
 j - a scroll of identify
 l - 3 scrolls of recharging
 r - 3 scrolls of remove curse
 u - 2 scrolls of amnesia
 y - 2 scrolls of blinking
 C - 3 scrolls of immolation
 M - a scroll of fear
 N - 2 scrolls of fog
Potions
 g - a potion of heal wounds
 h - 3 potions of might
 k - a potion of brilliance
 v - a potion of haste
 x - 2 potions of agility
 z - 4 potions of curing
 G - a potion of resistance {unknown}
 I - 3 potions of mutation {unknown}
 L - 4 potions of flight {unknown}
Books
 c - a book of Battle

   Spells                             Type                      Level
   a - Infusion                       Charms                       1
   b - Shroud of Golubria             Charms/Translocation         2
   c - Song of Slaying                Charms                       2
   d - Spectral Weapon                Hexes/Charms                 3
   e - Regeneration                   Charms/Necromancy            3
 e - a book of Minor Magic

   Spells                             Type                      Level
   a - Magic Dart                     Conjuration                  1
   b - Blink                          Translocation                2
   c - Call Imp                       Summoning                    2
   d - Repel Missiles                 Charms/Air                   2
   e - Slow                           Hexes                        2
   f - Conjure Flame                  Conjuration/Fire             3
   g - Mephitic Cloud                 Conjuration/Poison/Air       3
Comestibles
 d - 10 bread rations
 n - 5 meat rations
 q - 4 fruits
 F - 3 slices of pizza
 J - 2 beef jerkies


   Skills:
 + Level 7.2 Fighting
 + Level 7.7(8.1) Short Blades
 - Level 3.4(6.0) Long Blades
 - Level 4.1 Armour
 + Level 7.5 Dodging
 + Level 0.6 Shields
 - Level 4.0 Spellcasting
 - Level 6.0 Charms
 + Level 0.0 Necromancy
 - Level 4.0 Translocations


You had 4 spell levels left.
You knew the following spells:

 Your Spells              Type           Power        Failure   Level  Hunger
a - Infusion              Chrm           ####         2%          1    None
b - Song of Slaying       Chrm           ####....     4%          2    #......
c - Shroud of Golubria    Chrm/Tloc      ####......   6%          2    #......
d - Regeneration          Chrm/Necr      ###.......   28%         3    ###....
e - Repel Missiles        Chrm/Air       ###...       12%         2    #......
f - Blink                 Tloc           N/A          9%          2    #......


Dungeon Overview and Level Annotations

Branches:
Dungeon (8/15)             Temple (1/1) D:5            Lair (0/6) D:8

Altars:
Ashenzari
Cheibriados
Dithmenos
Elyvilon
Fedhas
Gozag
Hepliaklqana
Kikubaaqudgha
Makhleb
Okawaru
Qazlal
Ru
Vehumet
Xom
Yredelemnul
Zin
The Shining One

Annotations:
D:3 AAAAA's ghost, amateur DgGl
D:8 Jessica


Message History

You completely miss the red ugly thing. The red ugly thing barely misses you.
Ankhesenamen hits the red ugly thing!
You closely miss the red ugly thing.
The red ugly thing is lightly wounded.
You barely miss the red ugly thing.
The red ugly thing is lightly wounded.
The red ugly thing bites you.
You are engulfed in flames!
Ankhesenamen hits the red ugly thing.
You completely miss the red ugly thing.
The red ugly thing is lightly wounded.
You barely miss the red ugly thing.
The red ugly thing is lightly wounded.
The red ugly thing bites you.
You are engulfed in flames!
* * * LOW HITPOINT WARNING * * *
Ankhesenamen barely misses the red ugly thing.
Unknown command.
Ankhesenamen closely misses the red ugly thing.
Ankhesenamen hits the red ugly thing.
The red ugly thing bites you!
You die...

................... #.#
..##..........#### #.# # .
#..........# #.# ##
#..........##### ##.#####.
#..........#....##........
##........##........##....
##.......##..............
##.###..######..........
#####.####@#...##<.........
##...#...##u#...............
##.........#>R...............
#............#...##..........
#............#...##..........
#............##.###..........
###.##.....####.# #..........
###.###...## #.# #########.#
#..##.##### #.###########..


You could see the friendly Ankhesenamen the ancestor and a red ugly thing.

Vanquished Creatures
  Psyche (D:8)
  Grum (D:7)
  A spriggan (D:7)
  An orc warrior (D:6)
  4 ice beasts
  A black bear (D:7)
  4 ogres
  2 wolves (D:7)
  3 centaurs
  2 bullfrogs
  A wyvern zombie (D:6)
  2 scorpions
  A wyvern skeleton (D:7)
  A wight (D:7)
  4 crimson imps
  2 howler monkeys
  A quasit (D:7)
  4 bullfrog skeletons
  6 hounds
  3 orc priests
  2 iguanas
  2 orc wizards
  5 worker ants
  A howler monkey zombie (D:7)
  Robin (D:3)
  5 gnolls
  9 adders
  3 shadow imps
  2 oozes
  2 adder skeletons
  3 dart slugs
  8 leopard geckos
  25 orcs
  2 ball pythons (D:2)
  11 bats
  13 giant cockroaches
  15 goblins
  13 hobgoblins
  11 jackals
  2 quokkas
  3 frilled lizards (D:2)
  9 kobolds
  A leopard gecko skeleton (D:4)
  A quokka zombie (D:5)
  7 rats
201 creatures vanquished.

Vanquished Creatures (collateral kills)
  An ice beast (D:7)
  An ogre (D:7)
  A bullfrog (D:6)
  2 orc wizards (D:7)
  2 worker ants
  An adder (D:7)
  2 orcs
10 creatures vanquished.

Vanquished Creatures (others)
  9 ancestors
9 creatures vanquished.

Grand Total: 220 creatures vanquished

Notes
Turn   | Place    | Note
-------+----------+-------------------------------------------
     0 | D:1      | Chifra the High Elf Skald began the quest for the Orb.
     0 | D:1      | Reached XP level 1. HP: 14/14 MP: 4/4
   198 | D:1      | Reached skill level 1 in Armour
   362 | D:1      | Reached XP level 2. HP: 18/19 MP: 6/6
   383 | D:1      | Learned a level 2 spell: Song of Slaying
   386 | D:1      | Learned a level 2 spell: Shroud of Golubria
  1232 | D:1      | Reached XP level 3. HP: 21/24 MP: 8/8
  1786 | D:2      | Found a stormy altar of Qazlal.
  1786 | D:2      | Found a shadowy altar of Dithmenos.
  1833 | D:2      | Found a faded altar of an unknown god.
  1838 | D:2      | Learned a level 3 spell: Regeneration
  2088 | D:3      | Noticed AAAAA's ghost (amateur DgGl)
  2291 | D:3      | Reached XP level 4. HP: 27/30 MP: 9/9
  2776 | D:3      | Found an iron altar of Okawaru.
  3224 | D:3      | Noticed Robin
  3231 | D:3      | Reached XP level 5. HP: 35/35 MP: 11/11
  3623 | D:2      | Learned a level 2 spell: Repel Missiles
  3901 | D:3      | Killed Robin
  4067 | D:4      | Got an ivory dagger
  4068 | D:4      | Identified the +7 dagger of Sahaidgh {freeze, rPois rC- Int+3} (You found it on level 4 of the Dungeon)
  4156 | D:4      | Reached skill level 1 in Translocations
  4226 | D:4      | Reached skill level 1 in Short Blades
  4241 | D:4      | Reached XP level 6. HP: 31/42 MP: 12/12
  4474 | D:4      | Found a glowing silver altar of Zin.
  4845 | D:4      | Reached skill level 5 in Charms
  5513 | D:5      | Entered Level 5 of the Dungeon
  5735 | D:5      | Reached XP level 7. HP: 46/47 MP: 14/14
  5798 | D:5      | Found a glowing golden altar of the Shining One.
  5886 | D:5      | Found a shimmering altar of Xom.
  5936 | D:5      | Learned a level 2 spell: Blink
  6274 | D:5      | Got a transparent mace
  6301 | D:5      | Identified the +3 mace "Mamets" {holy, rC++} (You found it on level 5 of the Dungeon)
  6448 | D:5      | Found a staircase to the Ecumenical Temple.
  6453 | Temple   | Entered the Ecumenical Temple
  6557 | Temple   | Became a worshipper of Hepliaklqana the Forgotten
  6784 | D:5      | Reached XP level 8. HP: 48/48 MP: 15/15
  7147 | D:6      | Found a shattered altar of Ashenzari.
  7286 | D:6      | Reached skill level 5 in Fighting
  7348 | D:6      | Reached skill level 5 in Dodging
  7805 | D:6      | Reached skill level 5 in Short Blades
  7839 | D:6      | Found a faded altar of an unknown god.
  7839 | D:6      | Found a faded altar of an unknown god.
  7950 | D:6      | Got an ichor-stained hand axe
  7966 | D:6      | Identified the +1 hand axe of Generosity {pain, rC+ rN+ Dex-2} (You found it on level 6 of the Dungeon)
  8395 | D:7      | Reached * piety under Hepliaklqana
  8408 | D:7      | Reached XP level 9. HP: 51/55 MP: 16/16
  9848 | D:8      | Noticed Grum
  9896 | D:7      | Killed Grum
 10032 | D:8      | Noticed Jessica
 10095 | D:8      | Noticed Psyche
 10106 | D:8      | Killed Psyche
 10146 | D:8      | Found a staircase to the Lair.
 10296 | D:8      | Found a snail-covered altar of Cheibriados.
 10303 | D:8      | Found a shimmering altar of Xom.
 10397 | D:8      | Found a white marble altar of Elyvilon.
 10433 | D:8      | Noticed a red ugly thing
 10448 | D:8      | Slain by a red ugly thing

Skill      XL: |  1  2  3  4  5  6  7  8  9 |
---------------+----------------------------+-----
Armour         | 1 2 4 |  4.1
Charms         | 4 5 6 |  6.0
Spellcasting   | 3 4 |  4.0
Long Blades    | 3 |  3.4
Dodging        | 2 3 4 6 7 |  7.5
Translocations | 1 4 |  4.0
Fighting       | 3 4 5 7 |  7.2
Short Blades   | 1 2 4 5 7 |  7.7
Shields        | |  0.6

Action                   |  1- 3 |  4- 6 |  7- 9 || total
-------------------------+-------+-------+-------++-------
Melee: Falchion          |   159 |   170 |       ||   329
       Dagger            |       |   136 |   371 ||   507
 Cast: Infusion          |     4 |     5 |     7 ||    16
       Shroud of Golubri |       |     2 |    12 ||    14
       Repel Missiles    |       |     1 |     1 ||     2
       Regeneration      |       |       |     6 ||     6
Invok: Ancestor Identity |       |       |     2 ||     2
  Use: Scroll            |     4 |    13 |     6 ||    23
 Stab: Sleeping          |       |       |     1 ||     1
       Distracted        |       |       |     3 ||     3
  Eat: Chunk             |     5 |     9 |     6 ||    20
       Beef jerky        |       |     1 |       ||     1
       Meat ration       |       |     1 |     1 ||     2
       Fruit             |       |       |     1 ||     1
Armor: Leather armour    |    17 |       |       ||    17
       Scale mail        |    88 |   174 |   158 ||   420
Dodge: Dodged            |   103 |   170 |   176 ||   449
       Deflected         |       |       |     2 ||     2
       Rpst.: Falchion   |    34 |    29 |       ||    63
